AoeStats
← 冬马和纱

Black Forest

510102049Analyzed
3v3 RM · 4d ago on Sep 29, 2026· 49m 28s· 6 players
Game mode
Random Map
Map size
Normal (6 player)
Population
200
Speed
Normal
Resources
Standard
Victory
Conquest
Starting age
Dark Age
Ending age
Imperial Age
RankedLock teamsTeams togetherTeam positionsShared explorationLock speedFull tech treeHidden civsTurbo modeCheats
Victory
Defeat
🇩🇪 Persians · Germany
1089
+16
🇺🇸 Byzantines · United States
1068
+17
🇪🇸 Khmer · Spain
1065
+17
🇨🇳 Goths · China
1249
-53
🇨🇳 Mongols · China
1000
-40
🇨🇳 Franks · China
1000
-40
Bander
8:24 Loom
13:11 Feudal Age
18:11 Castle Age
16:49 Double-Bit Axe
16:57 Stone Mining
19:57 Town Watch
21:16 Wheelbarrow
22:23 Horse Collar
22:57 Bow Saw
25:15 Heavy Plow
25:22 Gold Mining
25:17 Fishing Lines
27:52 Hand Cart
29:03 Gold Shaft Mining
29:06 Stone Shaft Mining
28:35 Town Patrol
32:52 Imperial Age
31:39 Ballistics
31:30 Fortified Wall
31:31 Masonry
31:16 Murder Holes
31:36 Tusk Swords
31:37 Fletching
31:55 Caravan
32:20 Padded Archer Armor
32:20 Bodkin Arrow
32:51 Devotion
33:51 Leather Archer Armor
34:01 Bracer
34:06 Husbandry
34:17 Bloodlines
34:11 Double Crossbow
34:33 Conscription
33:34 Elite Ballista Elephant
34:29 Siege Engineers
35:25 Chemistry
35:27 Hoardings
35:55 Ring Archer Armor
35:34 Scale Barding Armor
35:40 Forging
36:17 Crop Rotation
36:20 Architecture
35:54 Gillnets
36:46 Chain Barding Armor
37:58 Faith
38:38 Plate Barding Armor
38:40 Iron Casting
38:07 Scale Mail Armor
38:28 Guard Tower
41:53 Chain Mail Armor
42:40 Blast Furnace
43:08 Herbal Medicine
42:50 Elite Cannon Galleon
43:56 Careening
43:57 Clinker Construction
43:52 Siphons
43:39 Heated Shot
46:05 Carvel Hull
46:05 Dry Dock
47:22 Coinage
47:04 Guard Tower
50:08 Banking
Bubusauger
1:48 Loom
12:09 Feudal Age
16:57 Castle Age
15:03 Double-Bit Axe
17:53 Bow Saw
17:52 Horse Collar
19:16 Wheelbarrow
19:51 Fishing Lines
22:01 Gillnets
23:13 Bow Saw
23:50 Stone Mining
24:15 Gold Mining
25:11 Heavy Plow
26:41 Stone Shaft Mining
26:42 Gold Shaft Mining
27:32 Caravan
28:04 Hand Cart
27:35 Town Watch
31:15 Imperial Age
29:55 Scale Barding Armor
30:00 Forging
31:10 Chain Barding Armor
32:13 Conscription
33:23 Hoardings
35:24 Citadels
35:57 Masonry
36:08 Ballistics
35:53 Elite War Elephant
37:40 Plate Barding Armor
37:41 Iron Casting
38:03 Coinage
38:20 Husbandry
38:30 Bloodlines
38:15 Fletching
40:04 Town Patrol
41:11 Blast Furnace
40:07 Bodkin Arrow
42:01 Cavalier
44:18 Two-Man Saw
43:51 Crop Rotation
44:24 Chemistry
43:58 Architecture
43:27 Murder Holes
43:42 Devotion
46:57 Herbal Medicine
50:04 Padded Archer Armor
Preft
0:53 Loom
12:42 Feudal Age
13:20 Horse Collar
13:28 Double-Bit Axe
15:30 Man-at-Arms
16:59 Scale Mail Armor
17:09 Forging
17:00 Gold Mining
22:16 Castle Age
23:21 Bow Saw
23:13 Heavy Plow
23:44 Long Swordsman
31:09 Wheelbarrow
38:20 Imperial Age
37:34 Chain Mail Armor
37:55 Iron Casting
37:37 Pikeman
38:19 Squires
40:33 Plate Mail Armor
39:41 Halberdier
41:27 Hand Cart
41:45 Crop Rotation
42:33 Gold Shaft Mining
44:50 Conscription
45:16 Elite Varangian Guard
45:26 Two-Handed Swordsman
46:21 Champion
48:10 Scale Barding Armor
48:13 Padded Archer Armor
48:03 Fletching
47:47 Onager
50:40 Chemistry
冬马和纱
3:32 Loom
13:29 Feudal Age
14:55 Double-Bit Axe
19:00 Castle Age
17:07 Horse Collar
22:35 Bow Saw
24:40 Wheelbarrow
26:33 Fletching
26:53 Town Watch
27:25 Hand Cart
28:09 Heavy Plow
33:28 Imperial Age
31:32 Thumb Ring
33:15 Murder Holes
33:35 Gold Mining
33:36 Stone Mining
33:44 Bodkin Arrow
33:49 Padded Archer Armor
35:13 Parthian Tactics
35:17 Ballistics
35:59 Chemistry
35:09 Masonry
34:23 Capped Ram
35:41 Conscription
36:01 Hoardings
36:06 Siege Engineers
36:41 Conscription
36:13 Heavy Cavalry Archer
38:21 Bracer
38:37 Leather Archer Armor
38:11 Elite Mangudai
39:25 Bloodlines
39:15 Husbandry
39:48 Herbal Medicine
40:04 Fervor
40:38 Hoardings
40:25 Drill
40:06 Light Cavalry
41:23 Scale Barding Armor
41:06 Heavy Camel Rider
41:15 Siege Ram
42:36 Gold Shaft Mining
42:37 Stone Shaft Mining
43:35 Forging
43:46 Chain Barding Armor
46:09 Onager
47:58 Iron Casting
kristopherwuckertdyhl
11:18 Feudal Age
11:45 Double-Bit Axe
17:44 Castle Age
21:20 Bow Saw
21:17 Gold Mining
25:07 Gold Shaft Mining
24:23 Stone Mining
26:44 Forging
26:39 Scale Barding Armor
30:59 Imperial Age
31:45 Husbandry
31:22 Cavalier
32:47 Chain Barding Armor
33:03 Iron Casting
32:51 Stone Mining
33:01 Paladin
35:41 Wheelbarrow
36:22 Blast Furnace
36:52 Plate Barding Armor
38:00 Chivalry
40:58 Capped Ram
43:28 Man-at-Arms
43:54 Gambesons
44:57 Long Swordsman
47:25 Scale Mail Armor
48:24 Chain Mail Armor
abigailbogisichca
10:58 Feudal Age
11:33 Horse Collar
11:52 Double-Bit Axe
15:33 Wheelbarrow
21:47 Castle Age
21:37 Man-at-Arms
Connection lost

Rejoining the realm…

Still unreachable

The connection could not be restored.

Session expired

The server has moved on; the page needs a fresh start.